 Dungeon Crawl Stone Soup version 0.29-a0-757-g358383bc75 (webtiles) character file.

Game seed: 1260161367223709908

212 DuloT34 the Trooper (level 5, -7/43 HPs)
             Began as a Barachi Arcane Marksman on June 30, 2022.
             Mangled by an ice beast (11 damage)
             ... on level 5 of the Dungeon.
             The game lasted 00:06:58 (5586 turns).

DuloT34 the Trooper (Barachi Arcane Marksman)       Turns: 5586, Time: 00:06:59

Health: -7/43      AC:  3    Str: 11    XL:     5   Next: 89%
Magic:  6/6        EV: 12    Int: 14    God:
Gold:   96         SH:  0    Dex: 14    Spells: 5/6 levels left

rFire   . . .      SeeInvis .   a - +1 sling
rCold   . . .      Faith    .   (no shield)
rNeg    . . .      Spirit   .   c - +1 robe
rPois   +          Reflect  .   (no helmet)
rElec   .          Harm     .   (no cloak)
rCorr   .          Rampage  .   (no gloves)
Will    +....                   (no boots)
Stlth   +.........              d - amulet of magic regeneration
HPRegen 0.14/turn               e - ring of willpower
MPRegen 0.50/turn               h - ring of poison resistance

@: unable to hop, slow
A: amphibious, slowness 1, strong legs 1, +LOS
a: Hop


You were on level 5 of the Dungeon.
You visited 1 branch of the dungeon, and saw 5 of its levels.

You collected 135 gold pieces.
You spent 39 gold pieces at shops.

Inventory:

Hand Weapons
 a - a +1 sling (weapon)
Armour
 c - a +1 robe (worn)
Jewellery
 d - an amulet of magic regeneration (around neck)
 e - a ring of willpower (left hand)
 h - a ring of poison resistance (right hand)
Scrolls
 b - 2 scrolls of vulnerability
 k - 3 scrolls of fear
 m - 3 scrolls of enchant armour
 o - 3 scrolls of teleportation
Potions
 f - 2 potions of attraction
 g - a potion of ambrosia {unknown}
 i - 2 potions of might
 j - a potion of degeneration {unknown}
 l - a potion of curing


   Skills:
 + Level 4.8 Fighting
 + Level 4.3 Ranged Weapons
 - Level 2.1 Dodging
 - Level 1.1 Spellcasting
 - Level 3.2 Hexes


You had 5 spell levels left.
You knew the following spells:

 Your Spells              Type           Power      Damage    Failure   Level
a - Slow                  Hex            36%        N/A       7%          1

Your spell library contained the following spells:

 Spells                   Type           Power      Damage    Failure   Level
 Confusing Touch          Hex            9%         N/A       21%         3
 Summon Small Mammal      Summ           0%         N/A       26%         1
 Dazzling Flash           Conj/Hex       10%        N/A       36%         3
 Inner Flame              Hex/Fire       5%         N/A       36%         3
 Portal Projectile        Hex/Tloc       10%        N/A       36%         3
 Summon Guardian Golem    Hex/Summ       5%         N/A       36%         3
 Cause Fear               Hex            4%         N/A       56%         4
 Call Canine Familiar     Summ           0%         N/A       61%         3
 Ignite Poison            Fire/Tmut/Pois 0%         N/A       61%         3
 Mephitic Cloud           Conj/Pois/Air  0%         N/A       61%         3
 Vampiric Draining        Necr           0%         2d6       61%         3
 Silence                  Hex/Air        2%         N/A       98%         5
 Agony                    Necr           0%         N/A       100%        5
 Freezing Cloud           Conj/Ice/Air   0%         6-21      100%        5


Dungeon Overview and Level Annotations

Branches:
Dungeon (5/15)
 Temple: D:4-7

Altars:
Vehumet

Shops:
D:3 !

Annotations:
D:3 exclusion: statue


Innate Abilities, Weirdness & Mutations

You are amphibious.
You cover ground slowly.
You can hop short distances.
You have an extended range of vision and can be seen from far away.


Message History

You shoot a sling bullet. The sling bullet hits the ice beast!
The ice beast is moderately wounded.
You shoot a sling bullet.
The sling bullet closely misses the ice beast.
Your magical contamination has completely faded away.
You shoot a sling bullet.
The sling bullet hits the ice beast but does no damage.
The ice beast is moderately wounded.
You shoot a sling bullet.
The sling bullet barely misses the ice beast.
The ice beast is no longer moving slowly.
A jelly comes into view.
The ice beast attacks as you move away!
The ice beast hits you but does no damage.
A hound comes into view.
The ice beast attacks as you move away!
The ice beast hits you but does no damage.
The ice beast hits you. The ice beast freezes you!
The ice beast attacks as you move away! The ice beast hits you.
The ice beast freezes you. The ice beast attacks as you move away!
The ice beast hits you. The ice beast freezes you!
* * * LOW HITPOINT WARNING * * *
The ice beast closely misses you.
Your legs are too worn out to hop.
Unknown command.
The ice beast attacks as you move away!
The ice beast hits you but does no damage.
The ice beast attacks as you move away! The ice beast closely misses you.
The ice beast attacks as you move away! The ice beast misses you.
The ice beast hits you but does no damage.
The ice beast attacks as you move away! The ice beast misses you.
The ice beast barely misses you. 2 hounds come into view.
The hound barks! x2
The ice beast attacks as you move away! The ice beast misses you.
The ice beast attacks as you move away! The ice beast hits you.
* * * LOW HITPOINT WARNING * * *
The ice beast freezes you!
You die...

#. #.#.# #..# #.
#.#.# #..# #. #.#.#
#... #. #.#.# ##.# #.
#.#.########.# #.
###.#........... ####
#. #<.......###....
......#.##.#.####.#
#....
#.hh@YJ.............[
######.##.###.##.....
#.# .# #.#.##... #.#
.# #..# ###. #.# .#
#.# .# #.. .. ... #
### ## ##


You could see an ice beast, 2 hounds and a jelly.

Vanquished Creatures
  A scorpion (D:4)
  An iguana (D:5)
  2 adders
  A shadow imp (D:5)
  A worm (D:2)
  5 dart slugs
  2 orcs
  5 bats
  4 endoplasms
  2 giant cockroaches (D:1)
  9 goblins
  5 hobgoblins
  2 jackals (D:1)
  5 quokkas
  7 ball pythons
  7 frilled lizards
  13 kobolds
  15 rats
87 creatures vanquished.

Vanquished Creatures (others)
  A fungus (D:1)
1 creature vanquished.

Grand Total: 88 creatures vanquished

Notes
Turn   | Place    | Note
-------+----------+-------------------------------------------
     0 | D:1      | DuloT34 the Barachi Arcane Marksman began the quest for the
                  | Orb.
     0 | D:1      | Reached XP level 1. HP: 15/15 MP: 2/2
   852 | D:1      | Reached XP level 2. HP: 22/22 MP: 1/3
  1422 | D:1      | Found a faded altar of an unknown god.
  1819 | D:1      | Reached XP level 3. HP: 28/28 MP: 4/4
  2961 | D:2      | Reached XP level 4. HP: 35/35 MP: 5/5
  3590 | D:3      | Found a radiant altar of Vehumet.
  3590 | D:3      | Noticed a charred statue
  3713 | D:3      | Found Poim's Distillery.
  3726 | D:3      | Bought a potion of curing for 39 gold pieces
  4436 | D:4      | Noticed a scorpion
  4516 | D:4      | Killed a scorpion
  4517 | D:4      | Reached XP level 5. HP: 7/43 MP: 6/6
  5073 | D:5      | Entered Level 5 of the Dungeon
  5433 | D:5      | Noticed an ice beast
  5586 | D:5      | Mangled by an ice beast

Illustrated notes

Levels and vault maps discovered:
D:1:      dpeg_arrival_round_b, layout_basic,
          dreamdust_ecumenical_altar_hidden_monk_grotto
D:2:      layout_loops_ring, grunt_decor_one_mirror, minmay_rat_gold_closets
D:3:      layout_loops_cross, vehumet_statue, serial_shops,
          nicolae_shop_advertising_works [nicolae_subvault_shop_adworks]
D:4:      layout_cave_pools
D:5:      cheibrodos_two_vegetables, layout_loops_ring, kennysheep_mini,
          minmay_temple_entry_fiery, uniq_crazy_yiuf_cottage

Skill      XL: |  1  2  3  4 |
---------------+-------------+-----
Fighting       | 2 3 4 |  4.8
Ranged Weapons | 3 4 |  4.3
Dodging        | |  2.1
Spellcasting   | |  1.1
Hexes          | |  3.2

Action                   |  1- 3 |  4- 6 || total
-------------------------+-------+-------++-------
 Fire: Sling             |   252 |   157 ||   409
 Cast: Slow              |     7 |     8 ||    15
 Abil: Hop               |     1 |     3 ||     4
  Use: Scroll            |       |     7 ||     7
       Potion            |       |     1 ||     1
Armor: Robe              |    34 |    19 ||    53
Dodge: Dodged            |   132 |    39 ||   171

Table legend: (Time is in decaauts)
 A = Elapsed time spent in this place.
 B = Non-inter-level travel time spent in this place.
 C = Inter-level travel time spent in this place.
 D = Time resting spent in this place.
 E = Time spent auto-exploring this place.
 F = Levels seen in this place.
 G = Mean time per level.
                   A        B        C        D        E       F      G
               +--------+--------+--------+--------+--------+-----+--------+
         Total |   6158 |   6066 |     92 |   1888 |   3313 |   5 | 1231.6 |
       Dungeon |   6158 |   6066 |     92 |   1888 |   3313 |   5 | 1231.6 |
               +--------+--------+--------+--------+--------+-----+--------+

Top non-repeatable levels by time:
     D:1: 2663 daAuts
     D:2: 1215 daAuts
     D:3: 908 daAuts
     D:4: 840 daAuts
     D:5: 529 daAuts
